 Dungeon Crawl Stone Soup version 0.32-a0-891-gc41d80381e (webtiles) character file.

Game seed: 1563536467893313768

5581 flt the Fighter (level 10, -1/74 (114) HPs)
             Began as an Oni Brigand on Apr 3, 2024.
             Was a Priest of Beogh.
             Slain by Syrus the orc apostle
             ... wielding a +1 flail of draining
              (2 damage)
             ... on level 9 of the Dungeon.
             The game lasted 00:20:29 (7037 turns).

flt the Fighter (Oni Brigand)                       Turns: 7037, Time: 00:20:30

HP:   -1/74 (114)   AC:  6    Str: 30    XL:     10   Next: 72%
MP:   13/13         EV: 12    Int: 12    God:    Beogh [***...]
Gold: 294           SH:  0    Dex: 19    Spells: 9/9 levels left

rFire   . . .        s - +5 mace of Severance {flame, Str+3 Dex+3}
rCold   . . .        (no shield)
rNeg    . . .        u - +0 troll leather armour {Pargi}
rPois   .            (helmet restricted)
rElec   .            H - +1 cloak
rCorr   .            (gloves unavailable)
SInv    .            (boots unavailable)
Will    +....        (no amulet)
Stlth   ++           A - +6 ring of strength
HPRegen 1.12/turn    K - +6 ring of dexterity
MPRegen 0.13/turn

%: no passive effects
@: very heavily drained
A: large, unfitting armour, horns 1, tough skin 1, double potion healing,
drunken brawling
a: Renounce Religion, Smiting


You were on level 9 of the Dungeon.
You worshipped Beogh.
Beogh was most pleased with you.
You visited 1 branch of the dungeon, and saw 9 of its levels.
You also visited: Sewer.

You collected 495 gold pieces.
You spent 201 gold pieces at shops.

Inventory:

Hand Weapons
 a - a +2 dagger
 s - the +5 mace of Severance (weapon) {flame, Str+3 Dex+3}
   (You found it on level 2 of the Dungeon)

   Str+3:     It affects your strength (+3).
   Dex+3:     It affects your dexterity (+3).
 v - a +1 giant spiked club of flaming
 B - a +2 spear of venom
 E - a +0 whip of electrocution
 G - a +3 quarterstaff of chaos
 I - a +3 mace
 J - a +5 falchion
 M - a +3 falchion of electrocution
 R - a +2 hand axe of flaming
 U - a +0 war axe
Missiles
 d - 22 poisoned darts (quivered)
 e - 5 curare-tipped darts
 g - 6 silver javelins
 n - 6 boomerangs
 p - 5 javelins
 P - 3 large rocks
 Q - a throwing net
Armour
 c - a scarf of invisibility
 j - an orb of guile
 u - a +0 troll leather armour (worn) {Pargi}
 H - a +1 cloak (worn)
Jewellery
 y - a ring of ice
 A - a +6 ring of strength (left hand)
 K - a +6 ring of dexterity (right hand)
 S - a ring of resist corrosion
 T - a ring of fire
Wands
 z - a wand of flame (35)
 D - a wand of roots (11)
Scrolls
 o - 5 scrolls of enchant armour
 q - a scroll of blinking
 C - 2 scrolls of identify
 L - 3 scrolls of teleportation {unknown}
 O - 2 scrolls of revelation
Potions
 b - a potion of resistance
 f - a potion of cancellation
 h - 2 potions of magic
 i - 2 potions of brilliance
 k - 4 potions of curing
 m - 3 potions of lignification
 r - 3 potions of invisibility
 t - a potion of enlightenment
 w - 3 potions of mutation
 x - a potion of haste
 F - a potion of might {unknown}
 N - a potion of ambrosia {unknown}


   Skills:
 + Level 11.4 Fighting
 - Level 2.6 Short Blades
 + Level 8.0 Maces & Flails
 + Level 4.5 Throwing
 + Level 4.5 Armour
 - Level 6.0 Dodging
 - Level 3.0 Stealth
 + Level 4.6 Invocations


You had 9 spell levels left.
You didn't know any spells.
Your spell library contained the following spells:

 Spells                   Type           Power      Damage    Failure   Level
 Slow                     Hex            0%         N/A       36%         1
 Confusing Touch          Hex            0%         N/A       73%         3
 Fugue of the Fallen      Necr           0%         N/A       73%         3
 Ozocubu's Armour         Ice            0%         N/A       73%         3
 Vampiric Draining        Necr           0%         2d6       73%         3
 Cause Fear               Hex            0%         N/A       98%         4
 Fireball                 Conj/Fire      0%         3d3       100%        5
 Manifold Assault         Tloc           0%         N/A       100%        7
 Dragon's Call            Summ           0%         N/A       100%        9


Dungeon Overview and Level Annotations

Branches:
Dungeon (9/15)             Temple (0/1) D:6           Sewer (visited)
   Lair: D:8-11         Orc: D:9-12

Altars:
Cheibriados
Fedhas
Gozag
Hepliaklqana
Okawaru
Uskayaw
Wu Jian
Yredelemnul
Zin

Shops:
D:2 !   D:5 *   D:6 (   D:7 (   D:8 *

Annotations:
D:3 Grinder


Innate Abilities, Weirdness & Mutations

Your facial features look somewhat orcish.
You are too large for most types of armour.
You have a pair of small horns on your head.
You have tough skin. (AC +1)
You gain doubled healing and magic from potions.
Whenever you drink a healing potion, you attack all around you.


Message History

The grasping roots constrict Syrus.
Syrus misses you.
You sock Syrus! You burn Syrus. You headbutt Syrus.
Syrus is moderately wounded.
The grasping roots constrict Syrus.
Syrus hits you with a +1 flail of draining!
You feel drained.
* * * LOW HITPOINT WARNING * * *
You hit Syrus but do no damage. You headbutt Syrus!
Syrus is moderately wounded.
The grasping roots constrict Syrus.
Syrus is no longer regenerating.
You grasping roots sink back into the ground.
Syrus closely misses you.
You hit Syrus but do no damage. Your headbutt misses Syrus.
Syrus is heavily wounded.
Syrus mumbles some strange prayers to Beogh.
Syrus's wounds begin to rapidly close.
You sock Syrus! You burn Syrus.
Syrus is severely wounded.
Syrus mumbles some strange prayers to Beogh against you.
Beogh smites you!
* * * LOW HITPOINT WARNING * * *
You hit Syrus but do no damage.
Syrus is heavily wounded.
Syrus closely misses you.
You miss Syrus. Your headbutt misses Syrus.
Syrus is heavily wounded.
Syrus completely misses you.
You barely miss Syrus. Your headbutt misses Syrus.
Syrus is moderately wounded.
Syrus hits you with a +1 flail of draining.
* * * LOW HITPOINT WARNING * * *
You feel drained.
* * * LOW HITPOINT WARNING * * *
You closely miss Syrus. You headbutt Syrus.
Syrus is moderately wounded.
Syrus hits you with a +1 flail of draining!
* * * LOW HITPOINT WARNING * * *
You feel drained.
You die...
Beogh appreciates Syrus's killing of a heretic priest.

#..................
#....#########.....
#....# #.....
#....# #.....
#....# #.....
#....# #.....
#....# . #.....
#....#.... #.....
#.@..'.... #.....
#.o..#.... #.....
#....#.... ......
#....# ### ......
#..... #......
#....... #........


You could see Syrus the orc apostle (regenerating, divinely empowered).

Vanquished Creatures
  Pikel (D:5)
  3 yaks (D:8)
  Menkaure (D:7)
  7 water moccasins
  Pargi (Sewer)
  An orc warrior (D:8)
  4 ice beasts
  2 ogres
  3 centaurs
  3 lemures (D:5)
  2 phantoms
  Blork the orc (D:4)
  5 kobold brigands
  2 brain worms (Sewer)
  A gnoll sergeant (D:5)
  A bullfrog (D:7)
  4 scorpions
  9 wights
  6 killer bees (D:8)
  6 howler monkeys
  2 bombardier beetles (D:5)
  A hound (D:6)
  2 jellies
  A gnoll bouda (D:5)
  2 orc priests
  A sleepcap (D:5)
  Crazy Yiuf (D:5)
  8 orc wizards
  12 gnolls
  5 adders
  7 river rats (D:6)
  3 shadow imps
  4 ufetubi
  A dart slug (D:2)
  2 ribbon worms
  19 orcs
  3 endoplasms
  2 giant cockroaches
  8 goblins
  7 hobgoblins
  7 jackals
  15 kobolds
  13 quokkas
  3 training dummies (D:6)
  9 ball pythons
  7 bats
  5 frilled lizards
  24 rats
237 creatures vanquished.

Vanquished Creatures (others)
  An orc wizard (D:8)
  4 orcs (D:8)
5 creatures vanquished.

Grand Total: 242 creatures vanquished

Notes
Turn   | Place    | Note
-------+----------+-------------------------------------------
     0 | D:1      | flt the Oni Brigand began the quest for the Orb.
     0 | D:1      | Reached XP level 1. HP: 22/22 MP: 1/1
   202 | D:1      | Reached skill level 1 in Dodging
   234 | D:1      | Reached skill level 3 in Fighting
   242 | D:1      | Reached XP level 2. HP: 29/31 MP: 2/2
   339 | D:1      | Found a faded altar of an unknown god.
   675 | D:2      | Reached XP level 3. HP: 25/37 MP: 3/3
   761 | D:2      | Found an iron altar of Okawaru.
  1041 | D:2      | Reached XP level 4. HP: 48/48 MP: 4/4
  1124 | D:2      | Identified the +5 mace of Severance {flame, Str+3 Dex+3}
  1353 | D:2      | Found Caogorr's Distillery.
  1357 | D:2      | Bought a potion of curing for 36 gold pieces
  1357 | D:2      | Bought a potion of curing for 36 gold pieces
  1376 | D:2      | Reached skill level 4 in Fighting
  1473 | D:3      | Found a glowing drain.
  1489 | Sewer    | Entered a sewer
  1499 | Sewer    | Noticed a brain worm
  1507 | Sewer    | Killed a brain worm
  1508 | Sewer    | Reached skill level 1 in Maces & Flails
  1508 | Sewer    | Reached XP level 5. HP: 42/55 MP: 3/5
  1570 | Sewer    | Reached skill level 5 in Fighting
  1654 | Sewer    | Reached XP level 6. HP: 62/66 MP: 6/6
  1712 | Sewer    | Noticed Pargi
  1724 | Sewer    | Killed Pargi
  2038 | D:3      | Noticed Grinder
  2417 | D:4      | Reached skill level 6 in Fighting
  2417 | D:4      | Reached XP level 7. HP: 42/75 MP: 7/7
  2593 | D:4      | Found a blossoming altar of Fedhas.
  2834 | D:4      | Noticed Blork the orc
  2845 | D:4      | Killed Blork the orc
  3297 | D:5      | Entered Level 5 of the Dungeon
  3505 | D:5      | Reached skill level 7 in Fighting
  3529 | D:5      | Found Nasur's General Store.
  3573 | D:5      | Reached XP level 8. HP: 75/87 MP: 8/8
  3600 | D:5      | Bought a potion of heal wounds for 75 gold pieces
  3702 | D:5      | Reached skill level 5 in Dodging
  3759 | D:5      | Reached skill level 5 in Maces & Flails
  3763 | D:5      | Reached skill level 8 in Fighting
  3872 | D:5      | Found a runed translucent door.
  3873 | D:5      | Noticed Crazy Yiuf
  4097 | D:5      | Noticed Pikel
  4117 | D:5      | Killed Pikel
  4118 | D:5      | Reached skill level 9 in Fighting
  4118 | D:5      | Reached XP level 9. HP: 98/98 MP: 9/9
  4152 | D:5      | Found a hide-covered altar of Uskayaw.
  4313 | D:5      | Killed Crazy Yiuf
  4398 | D:6      | Reached skill level 1 in Armour
  4544 | D:6      | Found an ornate altar of the Wu Jian Council.
  4599 | D:6      | Became a worshipper of Beogh the Shepherd
  4691 | D:6      | Reached skill level 10 in Fighting
  4779 | D:6      | Found a snail-covered altar of Cheibriados.
  4892 | D:6      | Found a staircase to the Ecumenical Temple.
  4908 | D:6      | Found Bonlyf's Firing Range.
  4913 | D:6      | Bought 3 large rocks for 54 gold pieces
  5048 | D:6      | Reached skill level 1 in Invocations
  5071 | D:6      | Reached * piety under Beogh
  5250 | D:6      | Found a glowing silver altar of Zin.
  5501 | D:7      | Reached XP level 10. HP: 103/111 MP: 11/11
  5506 | D:7      | Reached ** piety under Beogh
  5562 | D:7      | Found a basalt altar of Yredelemnul.
  5569 | D:7      | Found an opulent altar of Gozag.
  5795 | D:7      | Found a hazy altar of Hepliaklqana.
  5828 | D:7      | Noticed Menkaure
  5842 | D:7      | Killed Menkaure
  5922 | D:7      | Found Ofuwn's Weapon Shoppe.
  6223 | D:8      | Found Pyopush's Mail-Order Catalogue.
  6400 | D:8      | Reached skill level 11 in Fighting
  6958 | D:9      | Reached *** piety under Beogh
  6965 | D:9      | Noticed Syrus
  7037 | D:9      | HP: 1/77 [Syrus the orc apostle/+1 flail of draining (10)]
  7037 | D:9      | Slain by Syrus the orc apostle

Illustrated notes

Levels and vault maps discovered:
D:1:      dpeg_cavernosity, layout_basic, ebering_ecumenical_altar_box
D:2:      layout_loops_ring, basic_altar, serial_shops,
          nicolae_shop_back_alley_shop, kennysheep_generic_room_13
D:3:      layout_rooms, portal_sewer_entry_b, patterned_corridor, uniq_grinder
D:4:      layout_layer_cave, fedhas_altar_2, nicolae_houndstooth_variations,
          uniq_blork_the_orc
D:5:      layout_cave_pools, nicolae_overflow_crystal_walls, serial_shops,
          nicolae_shop_tiny_glass, minmay_misc_feat_columns,
          uniq_crazy_yiuf_cottage, uniq_pikel
D:6:      lemuel_ratsnest, layout_cave_pools, mainiacjoe_overflow_paths,
          pdpol_wu_jian_five_deadly_venoms, kennysheep_mini_moat,
          minmay_temple_entry_drinking_statues, minmay_misc_feat_secret_circle,
          nicolae_shop_firing_range
D:7:      layout_basic, nicolae_overflow_hidden_temple,
          mainiacjoe_overflow_alcove_1, grunt_temple_overflow_open,
          serial_shops, shop, uniq_menkaure
D:8:      layout_rooms, monkooky_shop_mail_order
D:9:      layout_irregular_city, mainiacjoe_overflow_tiny_flanked,
          nicolae_dithmenos_through_a_glass_darkly, evilmike_butchery

Skill      XL: |  1  2  3  4  5  6  7  8  9 10 |
---------------+-------------------------------+-----
Dodging        | 1 2 3 4 5 6 |  6.0
Stealth        | 3 |  3.0
Fighting       | 3 4 5 6 7 9 10 11 | 11.4
Short Blades   | 2 |  2.6
Maces & Flails | 1 2 3 4 5 7 8 |  8.0
Armour         | 3 4 |  4.5
Invocations    | 2 4 |  4.6
Throwing       | 3 4 |  4.5

Action                     |  1- 3 |  4- 6 |  7- 9 | 10-12 || total
---------------------------+-------+-------+-------+-------++-------
  Melee: Dagger            |   120 |     2 |       |       ||   122
         Headbutt          |    15 |     9 |    50 |    38 ||   112
         Mace              |       |    73 |   281 |   191 ||   545
 Invoke: Convert to Beogh  |       |       |     1 |       ||     1
  Evoke: Wand              |       |       |       |     1 ||     1
    Use: Scroll            |       |    10 |     2 |    10 ||    22
         Potion            |       |       |       |     4 ||     4
   Stab: Sleeping          |     3 |     6 |     1 |     5 ||    15
 Armour: Robe              |   105 |    52 |       |       ||   157
         Troll leather arm |       |     9 |   191 |   146 ||   346
  Dodge: Dodged            |    81 |    44 |   184 |   125 ||   434

Table legend: (Time is in decaauts)
 A = Elapsed time spent in this place.
 B = Non-inter-level travel time spent in this place.
 C = Inter-level travel time spent in this place.
 D = Time resting spent in this place.
 E = Time spent auto-exploring this place.
 F = Levels seen in this place.
 G = Mean time per level.
                   A        B        C        D        E       F      G
               +--------+--------+--------+--------+--------+-----+--------+
         Total |   7092 |   6829 |    263 |    699 |   3957 |  10 |  709.2 |
       Dungeon |   6683 |   6420 |    263 |    527 |   3897 |   9 |  742.6 |
         Sewer |    409 |    409 |      0 |    172 |     60 |   1 |  409.0 |
               +--------+--------+--------+--------+--------+-----+--------+

Top non-repeatable levels by time:
     D:4: 1070 daAuts
     D:6: 1061 daAuts
     D:5: 1039 daAuts
     D:7: 782 daAuts
     D:8: 736 daAuts
     D:2: 735 daAuts
     D:1: 654 daAuts
     D:3: 480 daAuts
   Sewer: 409 daAuts
     D:9: 121 daAuts
